TOP OF THE 1ST |
San Bernardino Grasshoppers batting - Pitching for Belvedere Park Rawhides : RHP Thad Floyd
|
Pitching: RHP Thad Floyd
|
|
Batting: RHB Randy Tucker
|
0-0: Ball 1-0: Ball 2-0: Called Strike 2-1: Foul Ball, location: 2F 2-2: Strikes out swinging
|
Batting: RHB Cal Robinson
|
0-0: Called Strike 0-1: Swinging Strike 0-2: Ball 1-2: Strikes out swinging
|
Batting: LHB Mike Cook
|
0-0: Ground out 4-3 (Groundball, 4)
|
Top of the 1st over - 0 run(s), 0 hit(s), 0 error(s), 0 left on base; San Bernardino 0 - Belvedere Park 0 |
BOTTOM OF THE 1ST |
Belvedere Park Rawhides batting - Pitching for San Bernardino Grasshoppers : RHP Héctor Rosado
|
Pitching: RHP Héctor Rosado
|
|
Batting: RHB Ralph McKnight
|
0-0: Foul Ball, location: 2F 0-1: Ball 1-1: Fly out, F7 (Flyball, 7LM)
|
Batting: RHB Pedro Jiménez
|
0-0: Ball 1-0: Swinging Strike 1-1: Swinging Strike 1-2: Ball 2-2: Foul Ball, location: 2F 2-2: Fly out, F8 (Flyball, 8RM)
|
Batting: RHB Carlos Vela
|
0-0: Ball 1-0: Ground out 6-3 (Groundball, 6)
|
Bottom of the 1st over - 0 run(s), 0 hit(s), 0 error(s), 0 left on base; San Bernardino 0 - Belvedere Park 0 |
TOP OF THE 2ND |
San Bernardino Grasshoppers batting - Pitching for Belvedere Park Rawhides : RHP Thad Floyd
|
Batting: LHB Eric Porter
|
0-0: Ball 1-0: Ball 2-0: Foul Ball, location: 2F 2-1: Ball 3-1: Fly out, F9 (Flyball, 89M)
|
Batting: RHB Alfonso Enríquez
|
0-0: Reaches on Catchers interference
|
Batting: LHB Ramón Martínez
|
0-0: Ball Alfonso Enríquez steals 2nd base 1-0: Ball 2-0: Called Strike 2-1: Foul Ball, location: 2F 2-2: Foul Ball, location: 2F 2-2: Strikes out swinging
|
Batting: RHB Arturo Read
|
0-0: Ball 1-0: Foul Ball, location: 2F 1-1: Ball 2-1: Ball 3-1: Base on Balls
|
Batting: RHB Pepe Méndez
|
0-0: Ball 1-0: Called Strike 1-1: Fly out, F7 (Flyball, 7M)
|
Top of the 2nd over - 0 run(s), 0 hit(s), 1 error(s), 2 left on base; San Bernardino 0 - Belvedere Park 0 |
BOTTOM OF THE 2ND |
Belvedere Park Rawhides batting - Pitching for San Bernardino Grasshoppers : RHP Héctor Rosado
|
Batting: RHB Bob Sargent
|
0-0: Foul Ball, location: 2F 0-1: Foul Ball, location: 2F 0-2: Ball 1-2: Strikes out swinging
|
Batting: LHB Christian Blair
|
0-0: Foul Ball, location: 2F 0-1: Foul Ball, location: 2F 0-2: Fly out, F9 (Line Drive, 89S)
|
Batting: SHB Ron Bunch
|
0-0: Fly out, F7 (Flyball, 78M)
|
Bottom of the 2nd over - 0 run(s), 0 hit(s), 0 error(s), 0 left on base; San Bernardino 0 - Belvedere Park 0 |
TOP OF THE 3RD |
San Bernardino Grasshoppers batting - Pitching for Belvedere Park Rawhides : RHP Thad Floyd
|
Batting: RHB Iván Miranda
|
0-0: Called Strike 0-1: Ball 1-1: Swinging Strike 1-2: Strikes out looking
|
Batting: RHB Randy Tucker
|
0-0: Bunted foul 0-1: Swinging Strike 0-2: Ball 1-2: Ball 2-2: Strikes out swinging
|
Batting: RHB Cal Robinson
|
0-0: Ball 1-0: SINGLE (Groundball, 56D)
|
Batting: LHB Mike Cook
|
0-0: Called Strike 0-1: Ball 1-1: Swinging Strike 1-2: Ball 2-2: Ball 3-2: Strikes out looking
|
Top of the 3rd over - 0 run(s), 1 hit(s), 0 error(s), 1 left on base; San Bernardino 0 - Belvedere Park 0 |
BOTTOM OF THE 3RD |
Belvedere Park Rawhides batting - Pitching for San Bernardino Grasshoppers : RHP Héctor Rosado
|
Batting: LHB Dinis Marcha
|
0-0: Ball 1-0: Ball 2-0: Ground out 4-3 (Groundball, 4)
|
Batting: RHB Michael Taylor
|
0-0: Called Strike 0-1: Called Strike 0-2: Strikes out looking
|
Batting: SHB Javier Valle
|
0-0: Fly out, F6 (Popup, 6MD)
|
Bottom of the 3rd over - 0 run(s), 0 hit(s), 0 error(s), 0 left on base; San Bernardino 0 - Belvedere Park 0 |
TOP OF THE 4TH |
San Bernardino Grasshoppers batting - Pitching for Belvedere Park Rawhides : RHP Thad Floyd
|
Batting: LHB Eric Porter
|
0-0: SINGLE (Line Drive, 8RS)
|
Batting: RHB Alfonso Enríquez
|
0-0: Called Strike 0-1: Fly out, F5 (Popup, 5SF)
|
Batting: LHB Ramón Martínez
|
0-0: Ball 1-0: SINGLE (Flyball, 7LS) Eric Porter to second
|
Batting: RHB Arturo Read
|
0-0: Called Strike 0-1: Ball 1-1: Ball 2-1: Ball 3-1: Base on Balls Eric Porter to third Ramón Martínez to second
|
Batting: RHB Pepe Méndez
|
0-0: Ball 1-0: Grounds into double play, 1-2-3 (Groundball, 13)
|
Top of the 4th over - 0 run(s), 2 hit(s), 0 error(s), 2 left on base; San Bernardino 0 - Belvedere Park 0 |
BOTTOM OF THE 4TH |
Belvedere Park Rawhides batting - Pitching for San Bernardino Grasshoppers : RHP Héctor Rosado
|
Batting: RHB Ralph McKnight
|
0-0: Ball 1-0: Ball 2-0: Called Strike 2-1: Foul Ball, location: 2F 2-2: Fly out, F6 (Popup, 6MD)
|
Batting: RHB Pedro Jiménez
|
0-0: Fly out, F7 (Flyball, 78M)
|
Batting: RHB Carlos Vela
|
0-0: Fly out, F7 (Flyball, 7LD)
|
Bottom of the 4th over - 0 run(s), 0 hit(s), 0 error(s), 0 left on base; San Bernardino 0 - Belvedere Park 0 |
TOP OF THE 5TH |
San Bernardino Grasshoppers batting - Pitching for Belvedere Park Rawhides : RHP Thad Floyd
|
Batting: RHB Iván Miranda
|
0-0: Ball 1-0: Foul Ball, location: 2F 1-1: Called Strike 1-2: Ball 2-2: Fly out, F4 (Popup, 4D)
|
Batting: RHB Randy Tucker
|
0-0: Swinging Strike 0-1: Foul Ball, location: 2F 0-2: Fly out, F9 (Flyball, 9M)
|
Batting: RHB Cal Robinson
|
0-0: Ball 1-0: Ball 2-0: Foul Ball, location: 2F 2-1: Foul Ball, location: 2F 2-2: Ball 3-2: Base on Balls
|
Batting: LHB Mike Cook
|
0-0: Called Strike 0-1: Called Strike 0-2: Ball 1-2: Ground out 4-3 (Groundball, 34)
|
Top of the 5th over - 0 run(s), 0 hit(s), 0 error(s), 1 left on base; San Bernardino 0 - Belvedere Park 0 |
BOTTOM OF THE 5TH |
Belvedere Park Rawhides batting - Pitching for San Bernardino Grasshoppers : RHP Héctor Rosado
|
Batting: RHB Bob Sargent
|
0-0: Ball 1-0: Ball 2-0: Called Strike 2-1: Fly out, F9 (Flyball, 9S)
|
Batting: LHB Christian Blair
|
0-0: Ball 1-0: Swinging Strike 1-1: Foul Ball, location: 2F 1-2: Strikes out swinging
|
Batting: SHB Ron Bunch
|
0-0: Called Strike 0-1: Ball 1-1: Ball 2-1: Ball 3-1: SINGLE (Line Drive, 4)
|
Batting: LHB Dinis Marcha
|
0-0: Fly out, F6 (Popup, 6S)
|
Bottom of the 5th over - 0 run(s), 1 hit(s), 0 error(s), 1 left on base; San Bernardino 0 - Belvedere Park 0 |
TOP OF THE 6TH |
San Bernardino Grasshoppers batting - Pitching for Belvedere Park Rawhides : RHP Thad Floyd
|
Batting: LHB Eric Porter
|
0-0: Ball 1-0: Foul Ball, location: 2F 1-1: Foul Ball, location: 2F 1-2: Ball 2-2: Foul Ball, location: 2F 2-2: Strikes out looking
|
Batting: RHB Alfonso Enríquez
|
0-0: TRIPLE (Line Drive, 7LS)
|
Batting: LHB Ramón Martínez
|
0-0: Called Strike 0-1: Foul Ball, location: 2F 0-2: Ball 1-2: Strikes out swinging
|
Batting: RHB Arturo Read
|
0-0: Called Strike 0-1: Called Strike 0-2: Strikes out swinging
|
Top of the 6th over - 0 run(s), 1 hit(s), 0 error(s), 1 left on base; San Bernardino 0 - Belvedere Park 0 |
BOTTOM OF THE 6TH |
Belvedere Park Rawhides batting - Pitching for San Bernardino Grasshoppers : RHP Héctor Rosado
|
Batting: RHB Michael Taylor
|
0-0: Ball 1-0: Ground out 4-3 (Groundball, 4M)
|
Batting: SHB Javier Valle
|
0-0: Called Strike 0-1: Foul Ball, location: 2F 0-2: Ball 1-2: Strikes out swinging
|
Batting: RHB Ralph McKnight
|
0-0: Ball 1-0: Foul Ball, location: 2F 1-1: Ball 2-1: Ball 3-1: Base on Balls
|
Batting: RHB Pedro Jiménez
|
0-0: Called Strike 0-1: Ball 1-1: Swinging Strike 1-2: Ball 2-2: Strikes out swinging
|
Bottom of the 6th over - 0 run(s), 0 hit(s), 0 error(s), 1 left on base; San Bernardino 0 - Belvedere Park 0 |
TOP OF THE 7TH |
San Bernardino Grasshoppers batting - Pitching for Belvedere Park Rawhides : RHP Thad Floyd
|
Batting: RHB Pepe Méndez
|
0-0: Swinging Strike 0-1: Swinging Strike 0-2: Ball 1-2: Strikes out looking
|
Pitching: RHP Timothy Jackson
|
|
Pinch Hitting: SHB Bernardo Hernández
|
0-0: Called Strike 0-1: Ball 1-1: Ball 2-1: TRIPLE (Line Drive, 9LM)
|
Batting: RHB Randy Tucker
|
0-0: Intentional Walk
|
Pinch Hitting: LHB Jim Unknown
|
0-0: Ball 1-0: Called Strike 1-1: Ball Wild Pitch! Bernardo Hernández scores Randy Tucker to second 2-1: Ball 3-1: Fly out, F8 (Flyball, 8RM) Runner from 2nd tags up, SAFE at 3rd with throw
|
Batting: LHB Mike Cook
|
0-0: Ball 1-0: Ball 2-0: Ground out 1-3 (Groundball, 13)
|
Top of the 7th over - 1 run(s), 1 hit(s), 0 error(s), 1 left on base; San Bernardino 1 - Belvedere Park 0 |
BOTTOM OF THE 7TH |
Belvedere Park Rawhides batting - Pitching for San Bernardino Grasshoppers : RHP Héctor Rosado
|
Now at 2B: Bernardo Hernández
|
|
Now in LF: Roberto Marino
|
|
Batting: RHB Carlos Vela
|
0-0: Ball 1-0: Swinging Strike 1-1: SINGLE (Line Drive, 4M)
|
Batting: RHB Bob Sargent
|
0-0: Ball 1-0: DOUBLE (Line Drive, 5D) Carlos Vela to third
|
Batting: LHB Christian Blair
|
0-0: Ball 1-0: Ball 2-0: Ball 3-0: Called Strike 3-1: Base on Balls
|
Batting: SHB Ron Bunch
|
0-0: Called Strike 0-1: Ball 1-1: Swinging Strike 1-2: Foul Ball, location: 2F 1-2: Foul Ball, location: 2F 1-2: Foul Ball, location: 2F 1-2: Foul Ball, location: 2F 1-2: Strikes out swinging
|
Batting: LHB Dinis Marcha
|
0-0: Called Strike 0-1: Ball 1-1: Ball 2-1: Swinging Strike 2-2: Ball 3-2: Fly out, F7 (Flyball, 8LM) Runner from 3rd tags up, SCORES, no throw
|
Pinch Runner at 2nd Juan Barbán:
|
|
Pinch Hitting: RHB Tom Strickland
|
0-0: Swinging Strike 0-1: Ball 1-1: Foul Ball, location: 2F 1-2: Fielders Choice at 2nd, 6-4 (Groundball, 6)
|
Bottom of the 7th over - 1 run(s), 2 hit(s), 0 error(s), 1 left on base; San Bernardino 1 - Belvedere Park 1 |
TOP OF THE 8TH |
San Bernardino Grasshoppers batting - Pitching for Belvedere Park Rawhides : RHP Timothy Jackson
|
Now at 3B: Tom Strickland
|
|
Batting: LHB Eric Porter
|
0-0: Called Strike 0-1: Ball 1-1: Swinging Strike 1-2: Strikes out swinging
|
Batting: RHB Alfonso Enríquez
|
0-0: Called Strike 0-1: Ground out 6-3 (Groundball, 6M)
|
Pinch Hitting: LHB Ubbe van Antwerpen
|
0-0: Called Strike 0-1: Ball 1-1: Ball 2-1: Ball 3-1: Called Strike 3-2: Base on Balls
|
Pinch Runner at 1st Alonso Rivera:
|
|
Pinch Hitting: RHB José Paz
|
0-0: Ball Alonso Rivera is caught stealing 2nd base
|
Top of the 8th over - 0 run(s), 0 hit(s), 0 error(s), 0 left on base; San Bernardino 1 - Belvedere Park 1 |
BOTTOM OF THE 8TH |
Belvedere Park Rawhides batting - Pitching for San Bernardino Grasshoppers : RHP Héctor Rosado
|
Now at 3B: Alonso Rivera
|
|
Now at SS: José Paz
|
|
Pinch Hitting: RHB Travis Brumback
|
0-0: Swinging Strike 0-1: Ball 1-1: Swinging Strike 1-2: Ball 2-2: Fly out, F8 (Flyball, 8LM)
|
Batting: RHB Ralph McKnight
|
0-0: Ball 1-0: Foul Ball, location: 2F 1-1: Foul Ball, location: 2F 1-2: Fly out, F9 (Flyball, 89M)
|
Batting: RHB Pedro Jiménez
|
0-0: Called Strike 0-1: Ball 1-1: Swinging Strike 1-2: Ball 2-2: Ball 3-2: Foul Ball, location: 2F 3-2: Base on Balls
|
Batting: RHB Carlos Vela
|
0-0: Foul Ball, location: 2F 0-1: Ball 1-1: DOUBLE (Line Drive, 7LM) Pedro Jiménez to third Runner from 3rd tries for Home, SAFE, no throw or cutoff
|
Batting: SHB Juan Barbán
|
0-0: Called Strike 0-1: Swinging Strike 0-2: Foul Ball, location: 2F 0-2: Strikes out swinging
|
Bottom of the 8th over - 1 run(s), 1 hit(s), 0 error(s), 1 left on base; San Bernardino 1 - Belvedere Park 2 |
TOP OF THE 9TH |
San Bernardino Grasshoppers batting - Pitching for Belvedere Park Rawhides : RHP Timothy Jackson
|
Pitching: RHP Francisco García
|
|
Now at SS: Travis Brumback
|
|
Batting: RHB José Paz
|
0-0: Called Strike 0-1: DOUBLE (Line Drive, 9LM)
|
Batting: RHB Pepe Méndez
|
0-0: Called Strike 0-1: Ball 1-1: Ball 2-1: Fly out, F9 (Flyball, 9M)
|
Batting: SHB Bernardo Hernández
|
0-0: Ball 1-0: Ball 2-0: Called Strike 2-1: Ball 3-1: Base on Balls
|
Batting: RHB Randy Tucker
|
0-0: Foul Ball, location: 2F 0-1: Fielders Choice at 2nd, 6-4 (Groundball, 56) José Paz to third
|
Batting: LHB Roberto Marino
|
0-0: Called Strike 0-1: Ball 1-1: Ball 2-1: Swinging Strike 2-2: SINGLE (Flyball, 7LS) José Paz scores Randy Tucker to second
|
Batting: LHB Mike Cook
|
0-0: Ball 1-0: Ball 2-0: Ball 3-0: Foul Ball, location: 2F 3-1: Base on Balls Randy Tucker to third Roberto Marino to second
|
Batting: LHB Eric Porter
|
0-0: Ball 1-0: Reached on error, E4 (Groundball, 4) Randy Tucker scores Roberto Marino scores Mike Cook to third
|
Batting: RHB Alfonso Enríquez
|
0-0: SINGLE (Line Drive, 6MD) Mike Cook scores Eric Porter to third
|
Pitching: RHP Paul Nance
|
|
Batting: RHB Alonso Rivera
|
0-0: Ball 1-0: Called Strike 1-1: Ground out 4-3 (Groundball, 4)
|
Top of the 9th over - 4 run(s), 3 hit(s), 1 error(s), 2 left on base; San Bernardino 5 - Belvedere Park 2 |
BOTTOM OF THE 9TH |
Belvedere Park Rawhides batting - Pitching for San Bernardino Grasshoppers : RHP Héctor Rosado
|
Pitching: RHP Alonso Cruz
|
|
Batting: LHB Christian Blair
|
0-0: Ball 1-0: Ball 2-0: Ball 3-0: Base on Balls
|
Batting: SHB Ron Bunch
|
0-0: Ball 1-0: Foul Ball, location: 2F 1-1: Ball 2-1: Swinging Strike 2-2: Foul Ball, location: 2F 2-2: Ball 3-2: Base on Balls Christian Blair to second
|
Batting: LHB Dinis Marcha
|
0-0: Called Strike 0-1: Ground out 4-3 (Groundball, 4M) Christian Blair to third Ron Bunch to second
|
Batting: RHB Tom Strickland
|
0-0: Foul Ball, location: 2F 0-1: Ball 1-1: Ball 2-1: Ground out 4-3 (Groundball, 4) Christian Blair scores Ron Bunch to third
|
Batting: RHB Travis Brumback
|
0-0: Ball 1-0: Called Strike 1-1: Called Strike 1-2: Foul Ball, location: 2F 1-2: Strikes out swinging
|
Bottom of the 9th over - 1 run(s), 0 hit(s), 0 error(s), 1 left on base; San Bernardino 5 - Belvedere Park 3 |
|